 Dungeon Crawl Stone Soup version 0.29.0-4-gdea44cf6ec (webtiles) character file.

Game seed: 10208031098960399955

18429 mdonais the Skirmisher (level 12, -3/121 HPs)
             Began as an Octopode Hunter on Aug 26, 2022.
             Was a Believer of Hepliaklqana.
             Splashed by a jelly's acid (8 damage)
             ... in a Gauntlet on Aug 27, 2022.
             The game lasted 01:27:59 (20630 turns).

mdonais the Skirmisher (Octopode Hunter)           Turns: 20630, Time: 01:27:59

Health: -3/121     AC: -3    Str: 14 (16) XL:     12   Next: 58%
Magic:  0/18       EV: 18    Int: 17      God:    Hepliaklqana [**....]
Gold:   784        SH:  0    Dex: 19 (21) Spells: 19/19 levels left

rFire   . . .      SeeInvis .   b - +4 great sword
rCold   + . .      Faith    .   (shield currently unavailable)
rNeg    . . .      Spirit   +   (helmet restricted)
rPois   +          Reflect  .   I - amulet of guardian spirit
rElec   .          Harm     .   c - ring of wizardry
rCorr   .          Rampage  .   r - +6 ring of strength
Will    .....      NoTele   +   d - ring of the Slashing Saviour {rPois rC+}
Stlth   ..........              g - +6 ring of intelligence
HPRegen 0.30/turn               (no ring)
MPRegen 0.16/turn               (no ring)
                                (no ring)
                                (no ring)

@: mighty, berserking, corroded, studying Unarmed Combat, very quick
A: reduced essence, almost no armour, amphibious, 8 rings, camouflage 1,
gelatinous body 1, (nimble swimmer 1), tentacles, antennae 1, wild magic 1
a: Renounce Religion, Recall Ancestor, Ancestor Identity


You were in a Gauntlet.
You worshipped Hepliaklqana.
Hepliaklqana was pleased with you.
You visited 2 branches of the dungeon, and saw 12 of its levels.
You also visited: Bailey and Gauntlet.

You collected 784 gold pieces.

Inventory:

Hand Weapons
 b - a +4 great sword (weapon)
   (You took it off a wight on level 8 of the Dungeon)
 p - a +1 vorpal longbow
   (You took it off a gnoll on level 6 of the Dungeon)
 K - a +2 dagger of speed
   (You took it off an orc wizard on level 7 of the Dungeon)
Missiles
 t - 3 boomerangs
 v - 9 javelins (quivered)
 y - 33 poisoned darts
 J - 4 atropa-tipped darts
Magical Staves
 E - a staff of cold
   (You found it on level 5 of the Dungeon)
Jewellery
 c - a ring of wizardry (left tentacle)
   (You found it on level 1 of the Dungeon)
 d - the ring of the Slashing Saviour (on tentacle) {rPois rC+}
   (You took it off an orc warlord in a bailey)

   [ring of poison resistance]

   rC:        It protects you from cold.
   rPois:     It protects you from poison.
 f - the ring of Xeifid {rC+ Will++ Dex-3}
   (You found it in a Gauntlet)

   [ring of protection from cold]

   Dex:       It affects your dexterity (-3).
   rC:        It protects you from cold.
   Will:      It greatly increases your willpower.
 g - a +6 ring of intelligence (on tentacle)
   (You found it on level 10 of the Dungeon)
 l - an amulet of the acrobat
   (You found it on level 1 of the Dungeon)
 r - a +6 ring of strength (right tentacle)
   (You found it on level 3 of the Dungeon)
 A - a ring of ice
   (You found it on level 4 of the Dungeon)
 I - an amulet of guardian spirit (around mantle)
   (You found it on level 7 of the Dungeon)
Wands
 V - a wand of flame (38)
   (You found it on level 7 of the Dungeon)
Scrolls
 k - 4 scrolls of enchant armour
 m - 2 scrolls of immolation
 w - a scroll of poison
 M - a scroll of magic mapping
 T - 2 scrolls of teleportation
Potions
 a - 3 potions of might
 e - 2 potions of cancellation
 h - a potion of lignification
 i - a potion of brilliance {unknown}
 D - 3 potions of attraction
 N - a potion of mutation


   Skills:
 + Level 11.0 Fighting
 * Level 14.0 Ranged Weapons
 + Level 8.4 Dodging
 - Level 6.0 Stealth
 - Level 4.0 Spellcasting
 + Level 0.2 Invocations


You had 19 spell levels left.
You didn't know any spells.
Your spell library contained the following spells:

 Spells                   Type           Power      Damage    Failure   Level
 Apportation              Tloc           8%         N/A       9%          1
 Freeze                   Ice            16%        1d4       9%          1
 Ensorcelled Hibernation  Hex/Ice        8%         N/A       13%         2
 Frozen Ramparts          Ice            8%         1d2       24%         3
 Gell's Gravitas          Tloc           4%         N/A       24%         3
 Inner Flame              Hex/Fire       4%         N/A       24%         3
 Spider Form              Tmut/Pois      4%         N/A       24%         3
 Teleport Other           Tloc           4%         N/A       24%         3
 Tukima's Dance           Hex            4%         N/A       24%         3
 Anguish                  Hex/Necr       2%         N/A       56%         4
 Cause Fear               Hex            2%         N/A       56%         4
 Fulminant Prism          Conj/Hex       2%         3d6       56%         4
 Hailstorm                Conj/Ice       4%         3d4       56%         4
 Iskenderun's Mystic Bla  Conj/Tloc      4%         2d3       56%         4
 Passage of Golubria      Tloc           4%         N/A       56%         4
 Alistair's Intoxication  Tmut/Pois      2%         N/A       87%         5
 Lee's Rapid Deconstruct  Erth           2%         3d5*      87%         5
 Yara's Violent Unravell  Hex/Tmut       2%         3d3       87%         5
 Dispersal                Tloc           2%         N/A       100%        6
 Discord                  Hex            2%         N/A       100%        8


Dungeon Overview and Level Annotations

Branches:
Dungeon (11/15) Zot: 26895  Temple (1/1) D:7 Zot: 5786    Lair (0/5) D:11
    Orc (0/2) D:11         Bailey (visited)         Gauntlet (1/1) Zot: 5828

Altars:
Ashenzari
Cheibriados
Dithmenos
Fedhas
Gozag
Hepliaklqana
Kikubaaqudgha
Makhleb
Nemelex Xobeh
Okawaru
Qazlal
Ru
Sif Muna
Uskayaw
Vehumet
Wu Jian
Xom
Yredelemnul
Zin
The Shining One

Annotations:
D:3 Terence
D:5 exclusion: black bear
D:11 Erica Gauntlet 12 transporters, 2 runed translucent doors


Innate Abilities, Weirdness & Mutations

Your life essence is reduced to manifest your ancestor. (-10% HP)
You cannot wear most types of armour.
You are amphibious.
You can wear up to eight rings at the same time.
Your skin changes colour to match your surroundings (Stealth+).
Your rubbery body absorbs attacks. (AC +1, EV +1)
((You are camouflaged when in or above water. (Stealth+)))
You have tentacles for arms and can constrict up to eight enemies at once.
You have a pair of small antennae on your head.
Your spells are a little harder to cast, but a little more powerful.


Message History

The nature of this place prevents you from teleporting.
The jelly quivers.
Found a gate leading back out of this place.
Found a transporter.
There is an empty arch of ancient stone here.
The slime creature quivers.
The slime creature quivers.
Found a transporter.
Found a robe.
Found a transporter.
Two slime creatures merge to form a large slime creature.
Found a transporter.
A large slime creature splits.
Two slime creatures merge to form a large slime creature.
Found a sparkling marble ring.
The large slime creature jiggles.
A large slime creature splits.
Found a scroll of enchant weapon.
Found two transporters.
Found a transporter.
Found a gate leading back out of this place.
Found 6 stones.
Found a transporter.
Found a transporter.
Found a transporter.
Found a runed translucent door.
There is a fountain of sparkling water here.
Found a runed translucent door.
The hell hound barks!
You hear a bark!
Found 5 stones.
Found a transporter.
Found a transporter.
The hell hound stops to sniff the ground.
Found a transporter.
The red ugly thing gurgles horribly!
The glowing orange brain turns its attention towards you.
Found a transporter.
The green ugly thing gurgles horribly!
Key pressed, stopping explore.
The hell hound barks!
The hell hound pauses to sniff the ground.
Key pressed, stopping explore.
The slime creature quivers.
Key pressed, stopping explore.
The slime creature jiggles.
Two slime creatures merge to form a large slime creature.
Partly explored, unvisited transporter.
Partly explored, unvisited transporter.
Search for what [Enter for "."]? .
You swap places.
Search for what [Enter for "."]? .
Unknown command.
The jelly quivers.
There is a transporter here.
Okay, then.
Okay, then.
You feel very mighty all of a sudden.
You enter the transporter and appear at another place.
The jelly quivers.
Candleham completely misses the slime creature.
Candleham blocks the slime creature's attack.
The jelly completely misses you.
You shoot an arrow. The jelly quivers.
The arrow hits the slime creature!
The slime creature is moderately wounded.
Candleham hits the slime creature with a +0 flail.
Two slime creatures merge to form a large slime creature.
The slime creature closely misses you. The jelly hits you.
The acid corrodes you!
You are splashed with acid.
You take 5 damage, and have 76/81 hp.
You now have 17/18 mp.
Fire: p) +1 longbow (vorpal)
Press: ? - help, Q - select action, (/) - cycle Shift-Dir - straight line, f/p - slime creature
Aim: a slime creature (moderately wounded, ally target, 87% to hit)
Okay, then.
The slime creature attacks as you move away!
The slime creature hits you!
Candleham hits the slime creature with a +0 flail!
The jelly barely misses you. The jelly hits you.
You are splashed with acid!
You take 18 damage, and have 58/81 hp.
MASSIVE DAMAGE!!
You now have 13/18 mp.
The slime creature attacks as you move away!
The slime creature closely misses you. The jelly misses you.
The jelly closely misses you. The jelly misses you.
You see here the ring of Xeifid {rC+ Will++ Dex-3}.
f - the ring of Xeifid {rC+ Will++ Dex-3} Candleham hits the jelly with a +0 flail!
The acid corrodes Candleham!
Candleham is burned by acid!
The jelly completely misses you. The slime creature hits you!!
The slime creature hits Candleham!
You take 13 damage, and have 45/81 hp.
You now have 9/18 mp.
The jelly closely misses you. The slime creature hits you!
There is a transporter here.
You take 14 damage, and have 31/81 hp.
You now have 6/18 mp.
You enter the transporter and appear at another place.
The jelly hits you.
You are splashed with acid.
The slime creature completely misses you.
The jelly barely misses you.
You take 6 damage, and have 25/81 hp.
You now have 5/18 mp.
Okay, then.
Unknown command.
Okay, then.
Unknown command.
Okay, then.
Fire: p) +1 longbow (vorpal)
Press: ? - help, Q - select action, (/) - cycle Shift-Dir - straight line, f/p - slime creature
Aim: a slime creature (heavily wounded, 87% to hit)
You shoot an arrow. The arrow hits the slime creature!
The slime creature is severely wounded.
The jelly hits you.
* * * LOW HITPOINT WARNING * * *
You are splashed with acid.
* * * LOW HITPOINT WARNING * * *
The slime creature misses you. The jelly misses you.
You take 8 damage, and have 17/81 hp.
You now have 4/18 mp.
It was a potion of berserk rage.
A red film seems to cover your vision as you go berserk!
You feel yourself moving faster!
You feel mighty! The jelly hits you.
* * * LOW HITPOINT WARNING * * *
You are splashed with acid!
* * * LOW HITPOINT WARNING * * *
The slime creature closely misses you.
Two slime creatures merge to form a large slime creature.
The jelly completely misses you.
You now have 16/121 hp.
Okay, then.
You are too berserk!
b - a +4 great sword (weapon)
You feel a strong urge to attack something.
You slice the slime creature!!
You kill the slime creature!
The jelly hits you.
* * * LOW HITPOINT WARNING * * *
You are splashed with acid.
* * * LOW HITPOINT WARNING * * *
The jelly closely misses you.
You feel your strength returning.
You take 8 damage, and have 9/121 hp.
You now have 2/18 mp.
You slash the jelly!
Your tentacles burn!
* * * LOW HITPOINT WARNING * * *
Your squeeze misses the jelly.
The jelly is almost dead.
The jelly closely misses you. The jelly barely misses you.
You take 3 damage, and have 6/121 hp.
You slice the jelly!!
You kill the jelly!
The jelly hits you.
* * * LOW HITPOINT WARNING * * *
You are splashed with acid!
You die...

### ### ### ### ### ### #######
##≈###≈###≈###≈###≈###≈###......
#≈≈≈#≈≈≈#≈≈≈#≈≈≈#≈≈≈#≈≈≈#...8⌠8.
##≈.............................
##...##########################
##≈...#.......#8©8#.......#8©8#.
#≈≈∩..#.###.#.#...#..#.#.=#...##
##≈...#..#...R#...#b.#.#..#...##
##..©##.#©#.J#@J©#b.#©#.©#©.©#.
##≈...##...#.J#####t.#.#..######
#≈≈∩..###.###[#...#b.#.#.?#...##
##≈...#.......#.8.#.......#.8.#W
##...#########...#########...##
##≈.............................
#≈≈≈#≈≈≈#≈≈≈#≈≈≈#≈≈≈#≈≈≈#≈≈≈#≈≈≈
##≈###≈###≈###≈###≈###≈###≈###≈#
### ### ### ### ### ### ### ###


You could see the friendly Candleham the knight (corroded), a large slime
creature, a fire crab, 3 fire bats and 2 jellies.

Vanquished Creatures
  An orc warlord (Bailey)
  A two-headed ogre (D:8)
  An orc knight (Bailey)
  Maggie (D:6)
  A hornet (D:8)
  Prince Ribbit (D:6)
  A slime creature (Gauntlet)
  A shadow (D:10)
  A wyvern (D:8)
  11 yaks
  Edmund (D:4)
  2 water moccasins (D:6)
  2 ice beasts
  14 orc warriors
  6 ogres
  A sky beast (D:6)
  4 centaurs
  2 kobold brigands
  A phantom (D:5)
  3 bullfrogs
  4 gnoll sergeants
  A scorpion (D:4)
  7 wights
  2 howler monkeys
  2 hounds
  9 orc priests
  A jelly (Gauntlet)
  Crazy Yiuf (D:2)
  A gnoll bouda (D:6)
  Jessica (D:2)
  2 iguanas
  7 orc wizards
  28 gnolls
  4 adders
  A shadow imp (D:5)
  2 white imps (D:7)
  An ufetubus (D:5)
  A worm (D:4)
  5 dart slugs
  33 orcs
  8 ball pythons
  6 endoplasms
  3 giant cockroaches
  17 goblins
  17 hobgoblins
  8 quokkas
  8 bats
  2 frilled lizards
  8 kobolds
  3 rats
249 creatures vanquished.

Vanquished Creatures (collateral kills)
  A two-headed ogre (D:10)
  A troll (D:10)
  A hornet (D:9)
  3 yaks
  A centaur (D:10)
  A wight (D:8)
  2 orcs
  3 goblins
  2 hobgoblins (Bailey)
15 creatures vanquished.

Vanquished Creatures (others)
  15 ancestors
  3 demonic plants (Gauntlet)
  28 fungi (D:6)
46 creatures vanquished.

Grand Total: 310 creatures vanquished

Notes
Turn   | Place    | Note
-------+----------+-------------------------------------------
     0 | D:1      | mdonais the Octopode Hunter began the quest for the Orb.
     0 | D:1      | Reached XP level 1. HP: 14/14 MP: 1/1
     0 | D:1      | Noticed a golden dragon
     1 | D:1      | Noticed an iron dragon
     3 | D:1      | Noticed an iron dragon
     3 | D:1      | Noticed a tentacled monstrosity
     5 | D:1      | Noticed an ice dragon
     6 | D:1      | Noticed a tentacled monstrosity
     7 | D:1      | Noticed a large abomination
    11 | D:1      | Noticed an orb of fire
    11 | D:1      | Noticed an orb of fire
    13 | D:1      | Noticed a large abomination
    15 | D:1      | Noticed a tentacled monstrosity
    15 | D:1      | Noticed a tentacled monstrosity
    15 | D:1      | Noticed a large abomination
    17 | D:1      | Noticed an orb of fire
    17 | D:1      | Noticed an ice dragon
    21 | D:1      | Noticed a tentacled monstrosity
   181 | D:1      | Reached XP level 2. HP: 19/19 MP: 2/2
   250 | D:1      | Found a faded altar of an unknown god.
  1236 | D:1      | Reached XP level 3. HP: 24/24 MP: 3/3
  1706 | D:2      | Noticed Jessica
  1724 | D:2      | Killed Jessica
  1725 | D:2      | Reached XP level 4. HP: 31/31 MP: 4/4
  1908 | D:2      | Found a runed translucent door.
  1909 | D:2      | Noticed Crazy Yiuf
  2301 | D:3      | Reached XP level 5. HP: 36/36 MP: 5/5
  2360 | D:3      | Reached skill level 5 in Ranged Weapons
  2524 | D:3      | Noticed Terence
  3151 | D:4      | Reached XP level 6. HP: 43/43 MP: 6/6
  3292 | D:4      | Noticed Edmund
  3584 | D:4      | Killed Edmund
  3585 | D:4      | Reached skill level 5 in Fighting
  3585 | D:4      | Reached skill level 6 in Ranged Weapons
  3585 | D:4      | Reached XP level 7. HP: 17/50 MP: 7/7
  5087 | D:5      | Entered Level 5 of the Dungeon
  5893 | D:5      | Found a shimmering altar of Xom.
  6528 | D:5      | Reached skill level 7 in Ranged Weapons
  6528 | D:5      | Reached XP level 8. HP: 56/56 MP: 8/8
  7370 | D:2      | Killed Crazy Yiuf
  7487 | D:6      | Found a radiant altar of Vehumet.
  7587 | D:6      | Found an ornate altar of the Wu Jian Council.
  7593 | D:6      | Noticed a spectral centipede
  7593 | D:6      | Noticed a spectral black mamba
  8080 | D:6      | Noticed Maggie
  8092 | D:6      | Killed Maggie
  8093 | D:6      | Reached skill level 5 in Stealth
  8715 | D:6      | Noticed Prince Ribbit
  8859 | D:6      | Reached skill level 8 in Ranged Weapons
  9357 | D:6      | Found a broken altar of Ashenzari.
  9370 | D:6      | Reached XP level 9. HP: 53/63 MP: 9/9
  9392 | D:6      | Killed Prince Ribbit
  9747 | D:6      | Reached skill level 9 in Ranged Weapons
  9863 | D:6      | Reached skill level 5 in Dodging
 10253 | D:6      | Found an ancient bone altar of Kikubaaqudgha.
 10253 | D:6      | Found a shadowy altar of Dithmenos.
 10393 | D:6      | Found an ornate altar of the Wu Jian Council.
 10509 | D:6      | Found a broken altar of Ashenzari.
 10625 | D:6      | Found a radiant altar of Vehumet.
 10777 | D:6      | Found an ancient bone altar of Kikubaaqudgha.
 10777 | D:6      | Found a shadowy altar of Dithmenos.
 11426 | D:7      | Found a staircase to the Ecumenical Temple.
 11434 | Temple   | Entered the Ecumenical Temple
 11624 | Temple   | Became a worshipper of Hepliaklqana the Forgotten
 12110 | D:6      | Found a broken altar of Ashenzari.
 12223 | D:6      | Found an ornate altar of the Wu Jian Council.
 12308 | D:6      | Reached skill level 10 in Ranged Weapons
 12341 | D:6      | Found an ancient bone altar of Kikubaaqudgha.
 12341 | D:6      | Found a shadowy altar of Dithmenos.
 12382 | D:6      | Found a radiant altar of Vehumet.
 12965 | D:8      | Noticed a two-headed ogre
 13083 | D:8      | Reached XP level 10. HP: 33/71 MP: 10/10
 13978 | D:8      | Reached * piety under Hepliaklqana
 14121 | D:8      | Found an iron altar of Okawaru.
 14126 | D:8      | Identified the +5 spear of the Tired Artisans {venom, *Slow
                  | Fragile rN+ Int+6}
 14563 | D:7      | Found a staircase to the Ecumenical Temple.
 15122 | D:8      | Killed a two-headed ogre
 15123 | D:8      | Reached skill level 11 in Ranged Weapons
 15260 | D:8      | Found an iron altar of Okawaru.
 16055 | D:9      | Reached XP level 11. HP: 72/72 MP: 11/11
 16911 | D:9      | Identified the +0 pair of gloves of Nuitz {rF+}
 16958 | D:10     | Entered Level 10 of the Dungeon
 16989 | D:10     | Reached skill level 12 in Ranged Weapons
 17036 | D:10     | Found a flagged portal.
 17041 | Bailey   | Entered a bailey
 17606 | Bailey   | Noticed an orc knight
 17663 | Bailey   | Killed an orc knight
 17664 | Bailey   | Reached skill level 10 in Fighting
 18284 | Bailey   | Noticed an orc warlord
 18860 | Bailey   | Reached skill level 1 in Spellcasting
 18919 | Bailey   | Identified the ring of the Slashing Saviour {rPois rC+}
 18948 | Bailey   | Gained mutation: Your spells are a little harder to cast,
                  | but a little more powerful. [potion of mutation]
 18948 | Bailey   | Gained mutation: You have a pair of small antennae on your
                  | head. [potion of mutation]
 19256 | Bailey   | Reached skill level 13 in Ranged Weapons
 19256 | Bailey   | Reached XP level 12. HP: 80/80 MP: 13/13
 19402 | Bailey   | Killed an orc warlord
 20035 | D:10     | Noticed a two-headed ogre
 20041 | D:10     | Killed a two-headed ogre
 20089 | D:10     | Reached skill level 14 in Ranged Weapons
 20101 | D:10     | Reached ** piety under Hepliaklqana
 20102 | D:10     | Remembered your ancestor Candleham as a knight
 20374 | D:11     | Noticed a seven-headed hydra
 20377 | D:11     | Noticed Erica
 20452 | D:11     | Found a gate leading to a gauntlet.
 20459 | Gauntlet | Entered a Gauntlet
 20459 | Gauntlet | Found a transporter.
 20471 | Gauntlet | Found a transporter.
 20474 | Gauntlet | Found a transporter.
 20475 | Gauntlet | Found a transporter.
 20486 | Gauntlet | Found a transporter.
 20486 | Gauntlet | Found a transporter.
 20487 | Gauntlet | Found a transporter.
 20496 | Gauntlet | Found a transporter.
 20499 | Gauntlet | Found a transporter.
 20500 | Gauntlet | Found a transporter.
 20504 | Gauntlet | Found a runed translucent door.
 20506 | Gauntlet | Found a runed translucent door.
 20508 | Gauntlet | Found a transporter.
 20511 | Gauntlet | Found a transporter.
 20512 | Gauntlet | Found a transporter.
 20520 | Gauntlet | Found a transporter.
 20621 | Gauntlet | Identified the ring of Xeifid {rC+ Will++ Dex-3}
 20629 | Gauntlet | HP: 6/121 [acid (3)]
 20630 | Gauntlet | Splashed by a jelly's acid

Illustrated notes

Levels and vault maps discovered:
D:1:      shiori_arrival_whats_in_store_for_you, layout_basic,
          shapermc_ecumenical_altar_venn
D:2:      layout_rooms, uniq_crazy_yiuf_cottage, uniq_jessica
D:3:      layout_loops_cross, nicolae_figureground_sparkle, uniq_terence
D:4:      layout_loops_ring, uniq_edmund
D:5:      layout_layer_cave, mainiacjoe_overflow_boulevard
D:6:      layout_loops_ring, mainiacjoe_overflow_cross_hatched,
          pdpol_wu_jian_five_deadly_venoms, gammafunk_temple_overflow_statue,
          kennysheep_little_box, minmay_checkerbox, uniq_maggie,
          uniq_prince_ribbit1
D:7:      layout_rooms, minmay_temple_entry_large_hall
D:8:      layout_basic, okawaru_ov_weapons_minmay
D:9:      layout_roguey
D:10:     layout_loops_corners, enter_bailey_3
D:11:     layout_loops_ring, lair_entry_dummy, david_orc_1_choice,
          gauntlet_entry_generic, uniq_erica
Temple:   regret_index_temple_generic_petals
Gauntlet: gammafunk_gauntlet_77_escape_option
          [minmay_gauntlet_arena_77_broken_ladder,
          minmay_gauntlet_arena_77_chump_sandwich,
          minmay_gauntlet_arena_77_tiled_triplets,
          minmay_gauntlet_arena_77_cramped, minmay_gauntlet_arena_77_museum,
          gauntlet_exit_hidden_loot]

Skill      XL: |  1  2  3  4  5  6  7  8  9 10 11 12 |
---------------+-------------------------------------+-----
Stealth        | 3 4 6 |  6.0
Fighting       | 3 4 5 6 7 9 10 11 | 11.0
Ranged Weapons | 5 6 7 8 10 11 13 14 | 14.0
Dodging        | 3 4 6 7 8 |  8.4
Spellcasting   | 1 4 |  4.0
Invocations    | |  0.2

Action                   |  1- 3 |  4- 6 |  7- 9 | 10-12 || total
-------------------------+-------+-------+-------+-------++-------
Melee: Dagger            |     2 |    17 |    48 |       ||    67
       Constrict         |     3 |    10 |    10 |       ||    23
       Tentacles         |     1 |    10 |    16 |       ||    27
       Short sword       |     4 |    19 |    17 |       ||    40
       Punch             |       |       |     2 |       ||     2
       Great sword       |       |       |       |     3 ||     3
 Fire: Shortbow          |    71 |    56 |   281 |   202 ||   610
       Longbow           |       |       |    39 |   181 ||   220
Throw: Dart              |       |       |     1 |       ||     1
Invok: Ancestor Identity |       |       |       |     1 ||     1
       Recall Ancestor   |       |       |       |     5 ||     5
       Ancestor Life: Kn |       |       |       |     1 ||     1
  Use: Potion            |     3 |     1 |     7 |     9 ||    20
       Scroll            |     2 |     2 |     6 |    15 ||    25
 Stab: Sleeping          |       |     1 |     1 |       ||     2
Armor: Skin              |     1 |     2 |     7 |       ||    10
Dodge: Dodged            |     9 |    16 |   116 |    67 ||   208
